 Dungeon Crawl Stone Soup version 0.31.0-11-ge490571c62 (webtiles) character file.

Game seed: 12660313452728116427

456 qw the Ducker (level 6, -13/32 HPs)
             Began as a Spriggan Hunter on Feb 5, 2024.
             Mangled by an orc warrior
             ... wielding a +0 dire flail
              (18 damage)
             ... on level 4 of the Dungeon.
             The game lasted 00:01:00 (2885 turns).

qw the Ducker (Spriggan Hunter)                     Turns: 2885, Time: 00:01:00

Health: -13/32     AC:  2    Str:  7    XL:     6   Next: 77%
Magic:  7/7        EV: 22    Int: 11    God:
Gold:   150        SH:  0    Dex: 20    Spells: 5/5 levels left

rFire   . . .        a - +1 shortbow
rCold   . . .        (shield currently unavailable)
rNeg    . . .        c - +0 robe
rPois   .            (helmet restricted)
rElec   .            (no cloak)
rCorr   .            (gloves unavailable)
SInv    +            (boots unavailable)
Will    +....        (no amulet)
Stlth   ++           (no ring)
HPRegen 0.25/turn    (no ring)
MPRegen 0.10/turn

%: no passive effects
@: very quick
A: very small, no large weapons, unfitting armour, see invisible, speed 3
a: no special abilities


You were on level 4 of the Dungeon.
You visited 1 branch of the dungeon, and saw 4 of its levels.

You collected 150 gold pieces.


Innate Abilities, Weirdness & Mutations

You are very small and have problems with some larger weapons.
You are too small for most types of armour.
You have supernaturally acute eyesight. (SInv)
You cover ground extremely quickly. (Speed+++)


   Skills:
 - Level 2.9 Fighting
 + Level 5.5 Ranged Weapons
 - Level 7.3 Dodging
 - Level 1.5 Stealth


You had 5 spell levels left.
You didn't know any spells.
Your spell library was empty.

Inventory:

Hand Weapons
 a - a +1 shortbow (weapon)
Armour
 c - a +0 robe (worn)
Jewellery
 d - a ring of poison resistance
Scrolls
 b - a scroll of identify
Potions
 e - a potion of enlightenment
 f - a potion of curing
 h - a potion of might

Dungeon Overview and Level Annotations

Branches:
Dungeon (4/15)
 Temple: D:4-7

Altars:
Ashenzari
Cheibriados
Elyvilon
Fedhas
Hepliaklqana
Kikubaaqudgha
Trog
Wu Jian


Message History

You shoot an arrow. The arrow hits the endoplasm.
The endoplasm quivers.
The endoplasm is heavily wounded.
You shoot an arrow. The arrow hits the endoplasm.
You kill the endoplasm!
An orc wizard comes into view. It is wielding a +0 dagger.
You shoot an arrow. The arrow hits the orc wizard!
The orc wizard shouts!
The orc wizard is heavily wounded.
You hear a shout!
You shoot an arrow.
The arrow closely misses the orc wizard.
You shoot an arrow. The arrow hits the orc wizard!
You kill the orc wizard!
An orc warrior comes into view. It is wielding a +0 dire flail.
You shoot an arrow.
The arrow hits the orc warrior but does no damage.
You shoot an arrow.
The arrow hits the orc warrior but does no damage.
You shoot an arrow.
The arrow hits the orc warrior but does no damage.
You shoot an arrow.
The arrow barely misses the orc warrior.
The orc warrior hits you with a +0 dire flail!
You shoot an arrow. The arrow hits the orc warrior.
The orc warrior is lightly wounded.
The orc warrior closely misses you. The orc warrior completely misses you.
You shoot an arrow.
The arrow barely misses the orc warrior.
The orc warrior hits you with a +0 dire flail!
You shoot an arrow. The arrow hits the orc warrior!
The orc warrior is heavily wounded.
You hear a shout!
An orc comes into view. It is wielding a +0 short sword.
The orc warrior closely misses you.
You shoot an arrow. The arrow hits the orc warrior.
The orc warrior is heavily wounded.
The orc warrior hits you with a +0 dire flail!!
Ouch! That really hurt!
You die...

#.#...##
#.#####
#.###
#...#
###.#
#.# #.#
#.# #@#
#o# #)#
#o# ..#
###


You could see an orc warrior and an orc.

Vanquished Creatures
  Grinder (D:3)
  An ice beast (D:3)
  An iguana (D:4)
  An orc wizard (D:4)
  A gnoll (D:1)
  2 adders
  3 dart slugs
  3 orcs (D:3)
  8 bats
  9 endoplasms
  3 giant cockroaches
  6 goblins
  6 hobgoblins
  6 jackals
  9 quokkas
  3 ball pythons
  7 frilled lizards
  8 kobolds
  6 rats
84 creatures vanquished.

Notes
Turn   | Place    | Note
-------+----------+-------------------------------------------
     0 | D:1      | qw the Spriggan Hunter began the quest for the Orb.
     0 | D:1      | Reached XP level 1. HP: 10/10 MP: 2/2
     0 | D:1      | 0 ||| qw: Version: 0.3-a-160-g6735b56
     0 | D:1      | 0 ||| qw: Game counter: 6448
     0 | D:1      | 0 ||| qw: Melee chars always use a shield: true
     0 | D:1      | 0 ||| qw: God list: Okawaru
     0 | D:1      | 0 ||| qw: Allow faded altars: false
     0 | D:1      | 0 ||| qw: Do Orc after clearing Dungeon:15 true
     0 | D:1      | 0 ||| qw: Do second Lair branch before Depths: true
     0 | D:1      | 0 ||| qw: Lair rune preference: random
     0 | D:1      | 0 ||| qw: Goals: Normal
     0 | D:1      | 0 ||| PLANNING D:1-11
    51 | D:1      | Reached skill level 3 in Dodging
   298 | D:1      | Reached XP level 2. HP: 14/14 MP: 3/3
   340 | D:1      | Reached skill level 4 in Dodging
   426 | D:1      | Reached XP level 3. HP: 18/18 MP: 4/4
   856 | D:1      | 856 ||| READING scroll labelled ZAKAMI FEALAEL.
   857 | D:1      | 857 ||| READING scroll labelled BOOCWUVASS.
   858 | D:1      | 858 ||| READING scroll labelled TEFRUCLYGEU.
   859 | D:1      | 859 ||| READING 2 scrolls labelled HEASAL NAZUICE.
   859 | D:1      | 859 ||| IDENTIFYING blue potion
   860 | D:1      | 860 ||| READING scroll of identify.
   860 | D:1      | 860 ||| IDENTIFYING smoky blue potion
   861 | D:1      | 861 ||| READING scroll labelled TURATO DUSHYOXT.
   862 | D:1      | 862 ||| DROPPING scroll of butterflies.
   863 | D:1      | 863 ||| DROPPING potion of lignification.
   865 | D:1      | 865 ||| Stepping ~*~*~tactically~*~*~ (cloud).
   869 | D:1      | HP: 4/18 [poisoned by you (poison gas)]
   872 | D:1      | HP: 1/18 [poisoned by you (poison gas)]
   951 | D:2      | 951 ||| STAIRDANCE
  1105 | D:2      | Found a white marble altar of Elyvilon.
  1688 | D:2      | 1688 ||| READING 2 scrolls of identify.
  1688 | D:2      | 1688 ||| IDENTIFYING brown potion
  1689 | D:2      | 1689 ||| READING scroll of identify.
  1689 | D:2      | 1689 ||| IDENTIFYING fuming yellow potion
  1690 | D:2      | 1690 ||| READING scroll labelled CYBOLI UVOSKIKOM.
  1690 | D:2      | 1690 ||| ENCHANTING +0 shortbow.
  1691 | D:2      | 1691 ||| READING scroll labelled FUAPAA JAHUPT.
  1691 | D:2      | 1691 ||| ENCHANTING +1 shortbow.
  1705 | D:3      | Reached XP level 4. HP: 22/22 MP: 5/5
  1759 | D:3      | Noticed Grinder
  1768 | D:3      | Paralysed by Grinder for 5 turns
  1771 | D:3      | HP: 3/22 [Grinder (9)]
  1777 | D:3      | 1777 ||| FLEEEEING.
  1778 | D:3      | 1778 ||| FLEEEEING.
  1779 | D:3      | 1779 ||| FLEEEEING.
  1789 | D:3      | Killed Grinder
  1790 | D:3      | Reached skill level 7 in Dodging
  1790 | D:3      | Reached XP level 5. HP: 7/25 MP: 6/6
  1878 | D:3      | Reached XP level 6. HP: 18/30 MP: 7/7
  2365 | D:3      | Noticed an ice beast
  2376 | D:3      | Killed an ice beast
  2632 | D:3      | 2632 ||| READING scroll of identify.
  2632 | D:3      | 2632 ||| IDENTIFYING scroll labelled JUYWKEA OS GADEM
  2633 | D:3      | 2633 ||| READING scroll labelled OCKOOD VUARISA.
  2634 | D:3      | 2634 ||| DROPPING scroll of fog.
  2661 | D:4      | Found a bloodstained altar of Trog.
  2665 | D:4      | Found a snail-covered altar of Cheibriados.
  2711 | D:4      | Found a hazy altar of Hepliaklqana.
  2751 | D:4      | Found a broken altar of Ashenzari.
  2757 | D:4      | Found an ornate altar of the Wu Jian Council.
  2759 | D:4      | Found an ancient bone altar of Kikubaaqudgha.
  2760 | D:4      | Found a blossoming altar of Fedhas.
  2877 | D:4      | Noticed an orc warrior
  2883 | D:4      | HP: 4/32 [orc warrior/+0 dire flail (13)]
  2885 | D:4      | Mangled by an orc warrior

Levels and vault maps discovered:
D:1:      ncdulo_halloftheorcs, layout_basic, nicolae_hexahallways
D:2:      layout_basic, basic_altar, chequers_jeans, kennysheep_another_room
D:3:      layout_loops_ring, serial_rivers, chequers_serial_rivers_large_a,
          chequers_serial_rivers_room_a, chequers_serial_rivers_micro_d,
          chequers_serial_rivers_large_b, chequers_serial_rivers_marsh,
          uniq_grinder
D:4:      layout_loops_cross, mainiacjoe_overflow_boulevard,
          grunt_temple_overflow_open, lemuel_tele_altar

Skill      XL: |  1  2  3  4  5  6 |
---------------+-------------------+-----
Dodging        | 3 4 7 |  7.3
Ranged Weapons | 5 |  5.5
Fighting       | 2 |  2.9
Stealth        | |  1.5

Action                     |  1- 3 |  4- 6 || total
---------------------------+-------+-------++-------
   Fire: Shortbow          |   118 |   119 ||   237
    Use: Scroll            |    10 |     2 ||    12
 Armour: Robe              |    11 |    13 ||    24
  Dodge: Dodged            |    36 |    23 ||    59

Table legend:
 A = Non-vault XP
 B = Vault XP
 C = Vault XP percentage of total XP
 D = Non-vault monster count
 E = Vault monster count
 F = Vault count percentage of total count
                 A         B        C        D         E       F
            +---------+---------+-------+---------+---------+-------
      Total |     390 |     262 |  40.2 |      83 |       1 |   1.2
            +---------+---------+-------+---------+---------+-------
        D:1 |      44 |       0 |   0.0 |      18 |       0 |   0.0
        D:2 |      50 |       0 |   0.0 |      27 |       0 |   0.0
        D:3 |     202 |     262 |  56.5 |      31 |       1 |   3.1
        D:4 |      94 |       0 |   0.0 |       7 |       0 |   0.0
            +---------+---------+-------+---------+---------+-------
